 Dungeon Crawl Stone Soup version 0.20.1-1-g8b1a95d66d (webtiles) character file.

67 NullDivider the Charlatan (level 4, -5/28 HPs)
             Began as an Octopode Artificer on Nov 22, 2017.
             Slain by Robin
             ... wielding a +3 battleaxe
              (12 damage)
             ... on level 2 of the Dungeon.
             The game lasted 00:09:15 (2086 turns).

NullDivider the Charlatan (Octopode Artificer)      Turns: 2086, Time: 00:09:16

Health: -5/28      AC:  1    Str:  9 (11) XL:     4   Next: 16%
Magic:  6/6        EV: 13    Int: 11 (13) God:
Gold:   92         SH:  0    Dex: 12 (13) Spells: 3/3 levels left

rFire    . . .     SeeInvis .   e - +0 dagger
rCold    . . .     Gourm    .   (no shield)
rNeg     . . .     Faith    .   (helmet restricted)
rPois    .         Spirit   .   (no amulet)
rElec    .         Reflect  .   (no ring)
rCorr    .         Harm     .   (no ring)
MR       .....                  (no ring)
Stlth    +++.......             (no ring)
Regen    0.1/turn               (no ring)
MPRegen  0.1/turn               (no ring)
                                (no ring)
                                (no ring)

@: no status effects
A: almost no armour, stealthy swim, amphibious, 8 rings, constrict 8, camouflage
1, gelatinous body 1
a: no special abilities


You were on level 2 of the Dungeon.
You were not hungry.

You visited 1 branch of the dungeon, and saw 2 of its levels.

You collected 92 gold pieces.

Inventory:

Hand Weapons
 a - a +0 short sword
 e - a +0 dagger (weapon)
Wands
 b - a wand of flame (11/48)
 c - a wand of enslavement (15/24)
 d - a wand of random effects (15/48)
Scrolls
 l - 2 scrolls of amnesia {unknown}
Potions
 i - a potion of agility {unknown}
 j - a potion of might {unknown}
 k - a potion of degeneration
 m - a potion of mutation {unknown}
Books
 h - a book of Cantrips

   Spells                             Type                      Level
   a - Confusing Touch                Hexes                        1
   b - Animate Skeleton               Necromancy                   1
   c - Summon Small Mammal            Summoning                    1
   d - Apportation                    Translocation                1
Comestibles
 f - a bread ration
 g - 4 chunks of flesh


   Skills:
 + Level 1.6 Fighting
 + Level 2.0 Short Blades
 + Level 2.2 Dodging
 * Level 3.3 Stealth
 + Level 3.8 Evocations


You had 3 spell levels left.
You didn't know any spells.

Dungeon Overview and Level Annotations

Branches:
Dungeon (2/15)

Altars:
Okawaru

Annotations:
D:2 Robin


Innate Abilities, Weirdness & Mutations

You cannot wear most types of armour.
You are very stealthy in the water. (Stealth+)
You are amphibious.
You can wear up to eight rings at the same time.
You can use your tentacles to constrict eight enemies at once.
Your skin changes colour to match your surroundings (Stealth+).
Your rubbery body absorbs attacks. (AC +1, EV +1)


Message History

Evoke which item? (* to show all) (? for menu, Esc to quit)
Aiming: Throw Flame
Press: ? - help, Shift-Dir - straight line, f/p - Robin
Aim: Robin, wielding an enchanted battleaxe and wearing an animal skin (severely wounded)
The puff of flame hits Robin.
Robin is almost dead.
This wand has 11 charges left.
You barely miss Robin. Your grab misses Robin.
Robin is almost dead.
Robin hits you with an enchanted battleaxe!
Ouch! That really hurt!
* * * LOW HITPOINT WARNING * * *
You hit Robin but do no damage. Your grab misses Robin.
Your squeeze misses Robin.
Robin is almost dead.
You barely miss Robin. You grab Robin.
Robin is almost dead.
You constrict Robin.
Robin hits you with an enchanted battleaxe!
You die...

#.... #g....###### #....##
#)).....# ......# .. .#
#g#####.# ......# .# .#
##.#####. ....... g.
#.####(........ ......# # #.
###.#......###### ......#
#.##.###...#......#
....##..#.................#####
#...# #......)g@..............
#.... ..)......)<#..<.########
# . #.##....####.##.# #
......#.# #. #.# # ...##.#.# #.
#.# .....# .. . #.# #. #.#
..##.# . .. #.# #.# ..# .. ..#
#.# g..# #.# ..# #.#


You could see Robin.

Vanquished Creatures
  An adder (D:2)
  2 worms
  2 dart slugs (D:1)
  6 bats
  2 giant cockroaches (D:1)
  11 goblins
  9 hobgoblins
  3 frilled lizards (D:1)
  5 kobolds
  4 rats
45 creatures vanquished.

Notes
Turn   | Place    | Note
-------+----------+-------------------------------------------
     0 | D:1      | NullDivider the Octopode Artificer began the quest for the Orb.
     0 | D:1      | Reached XP level 1. HP: 13/13 MP: 3/3
   269 | D:1      | Reached XP level 2. HP: 18/18 MP: 4/4
   727 | D:1      | Reached XP level 3. HP: 21/23 MP: 5/5
   898 | D:1      | Found an iron altar of Okawaru.
  1180 | D:2      | Noticed Robin
  1939 | D:2      | Reached XP level 4. HP: 6/28 MP: 6/6
  2086 | D:2      | Slain by Robin

Skill      XL: |  1  2  3 |
---------------+----------+-----
Stealth        | 2 3 |  3.3
Short Blades   | 2 |  2.0
Fighting       | |  1.6
Dodging        | |  2.2
Evocations     | |  3.8

Action                   |  1- 3 |  4- 6 || total
-------------------------+-------+-------++-------
Melee: Short sword       |    10 |       ||    10
       Dagger            |    98 |    16 ||   114
       Constrict         |    26 |     3 ||    29
       Tentacles         |    19 |     3 ||    22
Evoke: Wand              |       |     4 ||     4
  Use: Potion            |       |     2 ||     2
 Stab: Sleeping          |     5 |       ||     5
  Eat: Chunk             |     2 |     2 ||     4
Armor: Skin              |    10 |     2 ||    12
Dodge: Dodged            |    81 |    19 ||   100
